AoeStats
← LupusLobo

Arabia

510329393Analyzed
1v1 RM · 1d ago on Sep 30, 2026· 67m 8s· 2 players
Game mode
Random Map
Map size
Tiny (2 player)
Population
200
Speed
Normal
Resources
Standard
Victory
Conquest
Starting age
Dark Age
Ending age
Imperial Age
RankedLock teamsTeams togetherTeam positionsShared explorationLock speedFull tech treeHidden civsTurbo modeCheats
Victory
Defeat
🇦🇷 Celts · Argentina
1436
+14
🇩🇪 Bulgarians · Germany
1388
-14
LupusLobo
6:34 Loom
8:47 Feudal Age
9:27 Double-Bit Axe
13:44 Man-at-Arms
18:48 Scale Mail Armor
20:44 Forging
22:00 Arson
25:29 Castle Age
24:31 Horse Collar
24:50 Gold Mining
25:45 Long Swordsman
27:04 Bow Saw
28:10 Chain Mail Armor
28:54 Gambesons
31:12 Iron Casting
31:36 Wheelbarrow
35:39 Hand Cart
36:39 Stone Mining
37:27 Gold Shaft Mining
38:06 Town Watch
38:14 Pikeman
45:03 Heavy Plow
48:09 Imperial Age
48:09 Two-Handed Swordsman
49:34 Plate Mail Armor
48:41 Capped Ram
51:16 Blast Furnace
53:50 Conscription
53:40 Town Patrol
53:53 Halberdier
56:59 Furor Celtica
57:47 Siege Ram
57:56 Champion
60:33 Masonry
63:18 Murder Holes
tm235629
6:56 Loom
9:08 Feudal Age
10:36 Double-Bit Axe
11:46 Horse Collar
17:29 Scale Mail Armor
18:57 Forging
20:01 Gold Mining
20:58 Fletching
26:37 Castle Age
24:57 Arson
28:20 Iron Casting
29:40 Wheelbarrow
28:53 Town Watch
29:10 Squires
29:45 Bodkin Arrow
30:30 Bow Saw
33:27 Hand Cart
34:56 Stone Mining
36:52 Chain Mail Armor
37:35 Gambesons
39:15 Gold Shaft Mining
40:17 Heavy Plow
45:59 Scale Barding Armor
47:21 Ballistics
49:01 Stone Shaft Mining
49:25 Stirrups
52:43 Imperial Age
53:31 Masonry
53:45 Chain Barding Armor
53:26 Bracer
54:00 Conscription
56:47 Husbandry
56:58 Bloodlines
56:49 Light Cavalry
58:46 Elite Konnik
60:23 Hussar
61:37 Hussar
62:53 Plate Barding Armor
Connection lost

Rejoining the realm…

Still unreachable

The connection could not be restored.

Session expired

The server has moved on; the page needs a fresh start.